AoeStats
← Hector

Nomad

510340829Analyzed
2v2 RM · 6h ago on Sep 30, 2026· 99m 2s· 4 players
Game mode
Random Map
Map size
176×176
Population
200
Speed
Normal
Resources
Standard
Victory
Conquest
Starting age
Dark Age
Ending age
Imperial Age
RankedLock teamsTeams togetherTeam positionsShared explorationLock speedFull tech treeHidden civsTurbo modeCheats
Victory
Defeat
🇪🇸 Lithuanians · Spain
1481
+17
🇩🇪 Persians · Germany
1471
+17
🇦🇹 Varangians · Austria
1513
-18
🇦🇹 Koreans · Austria
1473
-16
Kaon
10:07 Loom
16:37 Feudal Age
17:05 Town Watch
17:45 Double-Bit Axe
20:27 Castle Age
18:16 Fishing Lines
21:11 Medium Warships
25:46 Scale Barding Armor
25:52 Forging
42:54 Bow Saw
42:26 Horse Collar
44:00 Kamandaran
43:58 Crossbowman
45:18 Fletching
45:29 Padded Archer Armor
46:03 Ballistics
46:54 Wheelbarrow
46:37 Bodkin Arrow
54:22 Imperial Age
52:11 Hand Cart
51:53 Gold Mining
52:40 Leather Archer Armor
53:33 Chain Barding Armor
53:48 Iron Casting
54:33 Bloodlines
54:24 Husbandry
54:15 Heavy Camel Rider
56:54 Chemistry
56:05 Masonry
56:01 Light Cavalry
58:37 Plate Barding Armor
59:02 Blast Furnace
57:51 Cavalier
59:00 Thumb Ring
59:20 Town Patrol
68:09 Block Printing
88:22 Theocracy
87:59 Fervor
87:58 Savar
92:40 Conscription
MISTER COLLEJAS
5:16 Loom
12:16 Feudal Age
13:01 Double-Bit Axe
14:11 Town Watch
15:15 Fletching
22:09 Castle Age
20:46 Horse Collar
26:10 Heavy Plow
27:09 Wheelbarrow
28:16 Bow Saw
28:45 Bloodlines
29:59 Gold Mining
33:10 Scale Barding Armor
33:08 Husbandry
34:00 Forging
34:22 Chain Barding Armor
34:42 Forging
41:12 Imperial Age
39:07 Bodkin Arrow
40:35 Iron Casting
40:29 Stone Mining
41:04 Ballistics
41:39 Hand Cart
41:19 Cavalier
42:50 Plate Barding Armor
44:10 Chemistry
43:06 Paladin
46:43 Coinage
46:20 Bracer
46:42 Town Patrol
48:13 Bombard Tower
48:14 Guard Tower
48:16 Heated Shot
49:58 Banking
51:23 Keep
50:29 Treadmill Crane
50:45 Murder Holes
51:32 Light Cavalry
54:28 Hill Forts
66:18 Winged Hussar
70:25 Crop Rotation
76:59 Elite Cannon Galleon
79:58 Man-at-Arms
80:39 Squires
80:24 Arson
81:16 Scale Mail Armor
80:41 Long Swordsman
80:44 Capped Ram
82:12 Chain Mail Armor
81:46 Two-Handed Swordsman
82:44 Champion
89:52 Pikeman
DeadlyEfficiency
4:20 Loom
13:19 Feudal Age
21:07 Castle Age
22:08 Fletching
27:37 Forging
32:56 Double-Bit Axe
38:48 Horse Collar
39:19 Bodkin Arrow
40:34 Wheelbarrow
40:23 Bow Saw
41:58 Iron Casting
46:05 Imperial Age
48:37 Conscription
48:38 Bracer
49:09 Scale Barding Armor
49:24 Murder Holes
49:52 Ballistics
49:47 Bloodlines
49:37 Husbandry
50:29 Chain Barding Armor
50:24 Cavalier
51:48 Hand Cart
52:02 Gold Mining
53:33 Plate Barding Armor
56:05 Blast Furnace
59:56 Chemistry
66:28 Elite Jarl
83:50 Heavy Plow
91:05 Light Cavalry
92:14 Hussar
Hector
13:24 Feudal Age
14:22 Loom
18:32 Double-Bit Axe
21:15 Castle Age
21:08 Forging
22:18 Medium Warships
23:11 Bow Saw
22:41 Horse Collar
23:31 Heavy Plow
29:36 Fishing Lines
30:48 Gillnets
31:52 Wheelbarrow
31:36 Gold Mining
31:37 Stone Mining
33:09 Hand Cart
35:57 Imperial Age
33:39 Town Watch
34:05 Scale Mail Armor
33:55 Fletching
35:04 Bodkin Arrow
34:55 Pikeman
35:52 Halberdier
37:10 Bracer
37:29 Scale Mail Armor
38:08 Squires
38:47 Conscription
39:29 Chain Mail Armor
42:54 Coinage
43:23 Plate Mail Armor
43:18 Arson
44:02 Murder Holes
46:17 Hand Cart
47:15 Iron Casting
47:25 Town Patrol
48:12 Banking
50:45 Two-Man Saw
52:03 Chemistry
52:23 Elite War Wagon
53:56 Siege Engineers
54:02 Fortified Wall
55:39 Ballistics
56:10 Masonry
59:00 Architecture
58:11 Treadmill Crane
59:30 Elite Cannon Galleon
59:34 Elite Fire Lancer
65:35 Elite Skirmisher
85:31 Thumb Ring
85:31 Capped Ram
90:40 Scale Barding Armor
93:42 Chain Barding Armor
95:15 Husbandry
96:37 Light Cavalry
Connection lost

Rejoining the realm…

Still unreachable

The connection could not be restored.

Session expired

The server has moved on; the page needs a fresh start.